 Dungeon Crawl Stone Soup version 0.26-a0-651-gb41185065b (webtiles) character file.

Game seed: 17287712490770760962

46813 lmSkywalker the Grappler (level 14, -1/124 HPs)
             Began as a Black Draconian Transmuter on Sept 27, 2020.
             Was the Champion of Cheibriados.
             Slain by a catoblepas (15 damage)
             ... while petrified by you
             ... on level 6 of the Lair of Beasts on Sept 29, 2020.
             The game lasted 02:12:24 (22692 turns).

lmSkywalker the Grappler (DrTm)                    Turns: 22692, Time: 02:12:25

Health: -1/124     AC: 14    Str: 43    XL:     14   Next: 6%
Magic:  17/19      EV:  2    Int: 37    God:    Cheibriados [******]
Gold:   1488       SH:  0    Dex: 26    Spells: 5/17 levels left

rFire    . . .     SeeInvis .     - Unarmed
rCold    . . .     Faith    .   q - +3 buckler
rNeg     + + +     Spirit   .   (armour unavailable)
rPois    ∞         Reflect  .   (helmet currently unavailable)
rElec    +         Harm     .   r - +2 cloak
rCorr    .         Rampage  .   v - +2 pair of gloves of Qeutatruste {*Contam Str+10 Int+4}
MR       +....                  (boots currently unavailable)
Stlth    +++.......             I - amulet of the acrobat
HPRegen  0.30/turn              p - +6 ring of strength
MPRegen  0.16/turn              y - +4 ring of evasion

@: appendages, petrified, flying, very slow
A: breathe lightning, unfitting armour, big wings, horns 1, talons 2, dopey 1,
poison resistance, electricity resistance, cold-blooded, AC +8
a: Breathe Lightning, Stop Flying, End Transformation, Bend Time, Temporal
Distortion, Slouch, Step From Time, Renounce Religion


You were on level 6 of the Lair of Beasts.
You worshipped Cheibriados.
Cheibriados was exalted by your worship.
You had grown temporary talons.
You visited 2 branches of the dungeon, and saw 18 of its levels.
You also visited: Ice Cave.

You collected 1488 gold pieces.

Inventory:

Missiles
 d - 494 stones (quivered)
 J - 3 atropa-tipped darts
Armour
 q - a +3 buckler (worn)
 r - a +2 cloak (worn)
 v - the +2 pair of gloves of Qeutatruste (worn) {*Contam Str+10 Int+4}
   (You found it on level 6 of the Dungeon)

   It affects your strength (+10).
   It affects your intelligence (+4).
   It causes magical contamination when unequipped.
 C - a +1 pair of boots (melded)
Jewellery
 p - a +6 ring of strength (left hand)
 u - an uncursed ring of ice
 w - an uncursed ring of protection from magic
 x - an uncursed ring of protection from fire
 y - a +4 ring of evasion (right hand)
 B - an uncursed ring of protection from fire
 I - an amulet of the acrobat (around neck)
Wands
 k - a wand of polymorph (18)
 o - a wand of flame (19)
 D - a wand of paralysis (11)
 E - a wand of iceblast (4)
 G - a wand of digging (6)
 H - a wand of disintegration (20)
 M - a wand of acid (19)
Scrolls
 b - 8 scrolls of teleportation
 i - 2 scrolls of amnesia
 l - 8 scrolls of remove curse
 s - a scroll of blinking
 z - 2 scrolls of enchant weapon
 A - 2 scrolls of acquirement {unknown}
 F - a scroll of immolation {unknown}
 K - a scroll of torment {unknown}
 L - a scroll of magic mapping {unknown}
 N - a scroll of fog {unknown}
 O - 4 scrolls of identify
 R - a scroll of enchant armour
Potions
 a - 12 potions of curing
 c - 6 potions of heal wounds
 e - a potion of mutation
 f - 3 potions of stabbing
 g - 4 potions of brilliance
 h - 4 potions of lignification
 j - 3 potions of might
 n - 2 potions of flight
 t - 2 potions of magic
 P - a potion of degeneration {unknown}
 Q - a potion of resistance {unknown}
Miscellaneous
 m - a condenser vane (2/2)


   Skills:
 + Level 11.0 Fighting
 + Level 11.2 Dodging
 - Level 2.0 Stealth
 - Level 4.0 Shields
 + Level 12.4 Unarmed Combat
 - Level 2.0 Spellcasting
 + Level 6.1 Summonings
 - Level 7.8 Transmutations
 + Level 7.3 Air Magic
   Level 2.5 Poison Magic
 + Level 7.2 Invocations
 - Level 4.0 Evocations


You had 5 spell levels left.
You knew the following spells:

 Your Spells              Type           Power        Failure   Level
a - Beastly Appendage     Tmut           ######       1%          1
b - Wereblood             Tmut           ######..     1%          2
c - Summon Lightning Spi  Summ/Air       ######..     3%          4
d - Blade Hands           Tmut           ######....   5%          5

Your spell library contained the following spells:

 Spells                   Type           Power        Failure   Level
 Summon Small Mammal      Summ           ####         1%          1
 Call Imp                 Summ           #####...     1%          2
 Passwall                 Tmut/Erth      ####....     1%          2
 Call Canine Familiar     Summ           #####...     1%          3
 Spider Form              Tmut/Pois      #####.....   1%          3
 Apportation              Tloc           #.....       4%          1
 Corona                   Hex            #......      4%          1
 Magic Dart               Conj           #...         4%          1
 Sandblast                Erth           #.....       4%          1
 Summon Guardian Golem    Hex/Summ       ####....     4%          3
 Ensorcelled Hibernation  Hex/Ice        #.....       8%          2
 Searing Ray              Conj           #.....       8%          2
 Slow                     Hex            #.......     8%          2
 Ice Form                 Ice/Tmut       ####....     10%         4
 Petrify                  Tmut/Erth      ####....     10%         4
 Confusing Touch          Hex            #.......     14%         3
 Dazzling Flash           Conj/Hex       #.....       14%         3
 Inner Flame              Hex/Fire       #.......     14%         3
 Lesser Beckoning         Tloc           #.........   14%         3
 Portal Projectile        Hex/Tloc       #.....       14%         3
 Stone Arrow              Conj/Erth      #.....       14%         3
 Tukima's Dance           Hex            #.......     14%         3
 Summon Ice Beast         Ice/Summ       ####....     14%         4
 Alistair's Intoxication  Tmut/Pois      #####....    16%         5
 Cause Fear               Hex            #.........   43%         4
 Fulminant Prism          Conj/Hex       #.........   43%         4
 Iskenderun's Mystic Bla  Conj/Tloc      #.......     43%         4
 Leda's Liquefaction      Hex/Erth       #.........   43%         4
 Lee's Rapid Deconstruct  Erth           #.........   80%         5
 Invisibility             Hex            #.......     100%        6


Dungeon Overview and Level Annotations

Branches:
Dungeon (12/15)            Temple (0/1) D:4            Lair (6/6) D:10
 Shoals (0/4) Lair:2        Snake (0/4) Lair:2        Slime (0/5) Lair:6
    Orc (0/2) D:10          IceCv (visited)

Altars:
Ashenzari
Cheibriados
Nemelex Xobeh
Vehumet
Xom
Beogh
Jiyva

Shops:
D:6 [

Annotations:
D:8 2 transporters, djmy96's ghost, novice SpBr
Lair:2 1 runed translucent door, exclusion: 2 oklob plants, Zoobame's ghost, journeyman DEWz
Lair:6 exclusion: oklob plant


Innate Abilities, Weirdness & Mutations

You can breathe wild blasts of lightning.
Your glossy black scales are hard. (AC +8)
You cannot fit into any form of body armour.
Your large and strong wings let you fly indefinitely.
You are resistant to electric shocks. (rElec)
You are cold-blooded and may be slowed by cold attacks.
You have a pair of small horns on your head.
You have razor-sharp toenails.
You are dopey. (Int -2)
Your system is resistant to poisons. (rPois)


Message History

You are engulfed in calcifying dust.
Your limbs have turned to stone.
The catoblepas gores you!!
The catoblepas breathes a plume of calcifying dust at you.
The blast of calcifying dust hits you but does no damage.
You have turned to stone.
You are engulfed in calcifying dust.
The catoblepas breathes a plume of calcifying dust at you.
The blast of calcifying dust hits you.
You are engulfed in calcifying dust.
The catoblepas gores you!
You are engulfed in calcifying dust.
The catoblepas gores you!!
You are engulfed in calcifying dust.
The catoblepas gores you!!
* * * LOW HITPOINT WARNING * * *
The catoblepas gores you!
* * * LOW HITPOINT WARNING * * *
The catoblepas gores you!!
* * * LOW HITPOINT WARNING * * *
The catoblepas gores you.
* * * LOW HITPOINT WARNING * * *
The catoblepas gores you!!
You die...

##^.......... ### #...........
##.## #........... ....##
#........... ....###...........
...# #............ ##..#
#............ ##...#
#............ ####
##.Y@####............ #..###...##
#............. ##......##
##.............
###......###..........^...
###......8..................
######....8......................
.............8...................
........8........................
...............8.................


You could see a catoblepas.

Vanquished Creatures
  Josephine (D:11)
  A catoblepas (Lair:3)
  6 hydras
  3 two-headed ogres
  3 death yaks (Lair:6)
  An unseen horror (D:11)
  A manticore (Lair:6)
  4 elephants (Lair:6)
  Maurice (D:8)
  A cyclops (D:11)
  2 ice statues (IceCv)
  7 black mambas
  Joseph (D:8)
  Psyche (D:8)
  9 cane toads
  4 rime drakes
  3 komodo dragons
  2 ice devils (Lair:1)
  2 hornets
  A polar bear (Lair:2)
  A troll (D:11)
  Grinder (D:4)
  Prince Ribbit (D:6)
  4 dream sheep (Lair:6)
  10 hippogriffs
  23 blink frogs
  5 wraiths (D:11)
  19 yaks
  Sigmund (D:3)
  5 wyverns
  3 basilisks
  4 nagas (Lair:2)
  Duvessa (D:7)
  9 porcupines
  16 water moccasins
  4 orc warriors
  18 ice beasts
  An eye of draining (D:10)
  2 sky beasts
  2 phantoms
  7 ogres
  6 wolves (Lair:5)
  16 crocodiles
  3 centaurs
  3 big kobolds
  Blork the orc (D:4)
  12 bullfrogs
  A water moccasin zombie (D:8)
  3 scorpions
  Dowan (D:7)
  A wyvern skeleton (D:11)
  21 killer bees
  3 electric eels
  19 wights
  3 howler monkeys
  3 centaur zombies
  2 quasits
  2 bullfrog zombies
  A gnoll shaman (D:5)
  9 orc priests
  2 centaur skeletons
  7 hounds
  2 jellies
  2 bullfrog skeletons
  An iguana (D:4)
  9 orc wizards
  4 worker ants
  A killer bee zombie (D:8)
  A hound zombie (D:6)
  Robin (D:4)
  A hound skeleton (D:3)
  2 worker ant zombies
  A howler monkey zombie (D:8)
  7 gnolls
  3 river rats (D:5)
  13 adders
  A howler monkey skeleton (D:5)
  A shadow imp (D:6)
  6 white imps
  4 ufetubi
  3 oozes
  2 adder zombies (D:5)
  2 adder skeletons
  3 worms
  A dart slug (D:2)
  4 leopard geckos
  52 orcs
  3 ball pythons
  5 giant cockroaches
  17 goblins
  10 hobgoblins
  7 jackals
  5 quokkas
  A ball python skeleton (D:6)
  6 bats
  5 frilled lizards
  13 kobolds
  12 rats
521 creatures vanquished.

Vanquished Creatures (collateral kills)
  A cane toad (Lair:3)
  A komodo dragon (Lair:3)
  7 dream sheep
  3 blink frogs
  2 porcupines
  2 crocodiles
16 creatures vanquished.

Vanquished Creatures (others)
  A hornet zombie (D:8)
  47 fungi
  40 plants
88 creatures vanquished.

Grand Total: 625 creatures vanquished

Notes
Turn   | Place    | Note
-------+----------+-------------------------------------------
     0 | D:1      | lmSkywalker the Draconian Transmuter began the quest for
                  | the Orb.
     0 | D:1      | Reached XP level 1. HP: 16/16 MP: 3/3
   114 | D:1      | Reached XP level 2. HP: 23/23 MP: 3/5
   121 | D:1      | Learned a level 2 spell: Wereblood
   490 | D:1      | Found a snail-covered altar of Cheibriados.
   498 | D:1      | Became a worshipper of Cheibriados the Contemplative
   914 | D:2      | Noticed a howler monkey
   928 | D:1      | Killed a howler monkey
   928 | D:1      | Reached XP level 3. HP: 27/29 MP: 4/6
   958 | D:1      | Reached skill level 4 in Unarmed Combat
  1039 | D:2      | Reached XP level 4. HP: 29/36 MP: 7/7
  1346 | D:2      | Reached * piety under Cheibriados
  1495 | D:2      | Learned a level 3 spell: Spider Form
  1733 | D:3      | Found a broken altar of Ashenzari.
  1794 | D:3      | Noticed Sigmund
  2090 | D:2      | Gained mutation: You have a pair of small horns on your
                  | head. [potion of mutation]
  2090 | D:2      | Gained mutation: You are dopey. (Int -2) [potion of
                  | mutation]
  2090 | D:2      | Gained mutation: Your system is resistant to poisons.
                  | (rPois) [potion of mutation]
  2329 | D:2      | Reached XP level 5. HP: 17/42 MP: 3/8
  2902 | D:3      | Reached ** piety under Cheibriados
  3249 | D:4      | Reached skill level 1 in Poison Magic
  3461 | D:4      | Found a staircase to the Ecumenical Temple.
  3530 | D:4      | Noticed Robin
  3549 | D:4      | Killed Robin
  3564 | D:4      | Reached XP level 6. HP: 29/51 MP: 6/9
  4180 | D:4      | Noticed Blork the orc
  4337 | D:4      | Reached skill level 5 in Unarmed Combat
  4337 | D:4      | Your scales start taking on a glossy black colour.
  4337 | D:4      | Reached XP level 7. HP: 49/57 MP: 7/10
  4337 | D:4      | Gained mutation: You are resistant to electric shocks.
                  | (rElec) [Black Draconian growth]
  4584 | D:4      | Noticed Grinder
  4586 | D:4      | Reached *** piety under Cheibriados
  4589 | D:4      | Killed Grinder
  4765 | D:5      | Entered Level 5 of the Dungeon
  5015 | D:5      | Noticed a wyvern
  5180 | D:5      | Reached XP level 8. HP: 59/63 MP: 7/11
  5183 | D:5      | Reached skill level 6 in Unarmed Combat
  5242 | D:5      | Reached skill level 5 in Transmutations
  5246 | D:5      | Reached skill level 5 in Dodging
  5271 | D:5      | Reached **** piety under Cheibriados
  6018 | D:6      | Noticed Prince Ribbit
  6025 | D:6      | Killed Prince Ribbit
  6025 | D:6      | Reached skill level 7 in Unarmed Combat
  6070 | D:6      | Got a pair of faintly humming gloves
  6089 | D:6      | Identified the +2 pair of gloves of Qeutatruste {*Contam
                  | Str+10 Int+4} (You found it on level 6 of the Dungeon)
  6327 | D:6      | Reached XP level 9. HP: 66/70 MP: 10/12
  6456 | D:6      | Found Xyvodui's Antique Armour Emporium.
  6762 | D:3      | Killed Sigmund
  6762 | D:3      | Reached skill level 1 in Shields
  6762 | D:3      | Reached skill level 1 in Invocations
  6978 | D:4      | Killed Blork the orc
  7246 | D:5      | Reached ***** piety under Cheibriados
  7521 | D:7      | Noticed Dowan
  7524 | D:7      | Noticed Duvessa
  7533 | D:7      | Killed Dowan
  7536 | D:7      | Killed Duvessa
  8102 | D:7      | Found a sparkling altar of Nemelex Xobeh.
  8149 | D:7      | Reached skill level 8 in Unarmed Combat
  8155 | D:7      | Found a radiant altar of Vehumet.
  8577 | D:8      | Reached XP level 10. HP: 78/78 MP: 13/13
  8586 | D:8      | Noticed Maurice
  8629 | D:8      | Killed Maurice
  8659 | D:8      | Noticed Psyche
  8661 | D:8      | Noticed Joseph
  8669 | D:8      | Killed Psyche
  8669 | D:8      | Reached skill level 5 in Invocations
  8719 | D:8      | Noticed a two-headed ogre
  8729 | D:8      | Killed a two-headed ogre
  8850 | D:8      | Killed Joseph
  8850 | D:8      | Reached skill level 5 in Fighting
  8850 | D:8      | Reached skill level 9 in Unarmed Combat
  8889 | D:8      | Noticed djmy96's ghost (novice SpBr)
  8892 | D:8      | Found a transporter.
  9250 | D:8      | Found a transporter.
  9506 | D:9      | Noticed a two-headed ogre
  9973 | D:9      | Killed a two-headed ogre
 10359 | D:9      | Reached XP level 11. HP: 89/89 MP: 13/15
 10461 | D:9      | Noticed a two-headed ogre
 10467 | D:9      | Reached skill level 1 in Stealth
 10473 | D:9      | Killed a two-headed ogre
 11087 | D:9      | Reached skill level 1 in Evocations
 11229 | D:10     | Entered Level 10 of the Dungeon
 11229 | D:10     | Found a staircase to the Orcish Mines.
 11318 | D:10     | Reached skill level 10 in Unarmed Combat
 11322 | D:10     | Reached ****** piety under Cheibriados
 11507 | D:10     | Found a roughly hewn altar of Beogh.
 11587 | D:10     | Learned a level 5 spell: Blade Hands
 11662 | D:10     | Found a staircase to the Lair.
 11887 | D:11     | Killed an unseen horror
 12507 | D:11     | Upgraded the game from 0.26-a0-649-gf8c6c3aab7 to
                  | 0.26-a0-651-gb41185065b
 12512 | D:11     | Noticed Josephine
 12563 | D:11     | Killed Josephine
 12878 | D:11     | Reached XP level 12. HP: 101/101 MP: 13/16
 12973 | D:11     | Noticed a five-headed hydra
 12981 | D:11     | Killed a six-headed hydra
 13189 | D:12     | Noticed a two-headed ogre
 13285 | Lair:1   | Entered Level 1 of the Lair of Beasts
 13617 | Lair:1   | Found a frozen archway.
 13636 | IceCv    | Entered an ice cave
 13826 | IceCv    | Learned a level 4 spell: Summon Lightning Spire
 13828 | IceCv    | Reached skill level 11 in Unarmed Combat
 14105 | IceCv    | Reached skill level 1 in Air Magic
 14146 | IceCv    | Reached skill level 1 in Summonings
 14891 | IceCv    | Noticed an ice dragon
 15836 | Lair:2   | Found a staircase to the Shoals.
 15847 | Lair:2   | Reached skill level 10 in Dodging
 16584 | Lair:2   | Found a runed translucent door.
 16585 | Lair:2   | Found a shimmering altar of Xom.
 16585 | Lair:2   | Noticed Zoobame's ghost (journeyman DEWz)
 17183 | Lair:2   | Found a staircase to the Snake Pit.
 17613 | Lair:3   | Noticed a catoblepas
 17627 | Lair:3   | Killed a catoblepas
 17647 | Lair:3   | Reached XP level 13. HP: 112/112 MP: 13/17
 18010 | Lair:3   | Found a shimmering altar of Xom.
 18217 | Lair:3   | Reached skill level 10 in Fighting
 18395 | Lair:3   | Reached skill level 5 in Air Magic
 20031 | Lair:5   | Reached skill level 12 in Unarmed Combat
 20031 | Lair:5   | Reached skill level 5 in Summonings
 20978 | Lair:6   | Entered Level 6 of the Lair of Beasts
 21042 | Lair:6   | Found a viscous altar of Jiyva.
 21042 | Lair:6   | Found a staircase to the Slime Pits.
 21692 | Lair:6   | Gained mutation: Your large and strong wings let you fly
                  | indefinitely. [Black Draconian growth]
 21692 | Lair:6   | Reached XP level 14. HP: 67/122 MP: 19/19
 22692 | Lair:6   | Slain by a catoblepas

Illustrated notes

Levels and vault maps discovered:
D:1:      giann_wishing_wells, layout_basic, cheibriados_altar_1
D:2:      layout_rooms
D:3:      layout_rooms, evilmike_ruin_ashenzari, uniq_sigmund
D:4:      layout_basic, minmay_temple_entry_junction_2,
          kennysheep_generic_room_15, uniq_grinder, uniq_robin,
          uniq_blork_the_orc
D:5:      minmay_skewed_foursquare, layout_basic, portal_sewer_entry_e,
          minmay_divided_ellipse
D:6:      layout_loops_ring, serial_shops, nicolae_shop_overgrown_old_shop,
          grunt_ministairs_3, uniq_prince_ribbit1
D:7:      layout_basic, nemelex_altar_shiori, basic_altar, uniq_duvessa
D:8:      layout_rooms, enter_bailey_2, gammafunk_ghost_arena, uniq_maurice,
          uniq_psyche, uniq_joseph
D:9:      layout_basic, skrybe_limestone_x, kennysheep_generic_room_9
D:10:     layout_rooms, lair_entry_dummy, orc_0_dummy, special_room
          [special_room_orc]
D:11:     layout_gridville, roderic_serpentine_path, uniq_josephine
D:12:     layout_cross, gammafunk_ghost_arena, basic_altar, minmay_nine_imps,
          uniq_gastronok
Lair:1:   layout_loops_ring, portal_ice_cave_demonic_guard, serial_bayou_pond_d
Lair:2:   layout_chaotic_city, shoals_dummy_entry,
          minmay_snake_entry_guardpost_medium, ebering_ghost_xom, st_stairs_8,
          minmay_lair_oklob_chamber, serial_bayou_shore_b, serial_bayou_shore_a
Lair:3:   layout_cave_pods, basic_altar, cheibrodos_lair_caveside_slide
Lair:4:   layout_cave_pods, nicolae_volcano_entry_hallway
Lair:5:   layout_regular_city, minmay_holes, infiniplex_staircase_pool
Lair:6:   evilmike_catoblepas_cave, layout_regular_city, slime_altar_1

Skill      XL: |  1  2  3  4  5  6  7  8  9 10 11 12 13 14 |
---------------+-------------------------------------------+-----
Dodging        | 2 3 4 6 7 8 9 10 11 | 11.2
Fighting       | 2 3 6 8 9 10 11 | 11.0
Unarmed Combat | 4 5 7 8 9 10 11 12 | 12.4
Poison Magic   | 1 2 |  2.5
Transmutations | 3 4 6 7 |  7.8
Shields        | 4 |  4.0
Invocations    | 4 6 7 |  7.2
Stealth        | 2 |  2.0
Evocations     | 4 |  4.0
Air Magic      | 4 7 |  7.3
Summonings     | 3 6 |  6.1
Spellcasting   | |  2.0

Action                   |  1- 3 |  4- 6 |  7- 9 | 10-12 | 13-15 || total
-------------------------+-------+-------+-------+-------+-------++-------
Melee: Unarmed           |    43 |   175 |   216 |   496 |   230 ||  1160
       Kick              |    14 |    35 |    99 |   175 |   109 ||   432
       Headbutt          |     6 |    35 |    62 |   137 |    67 ||   307
       Tailslap          |     2 |    16 |    40 |    92 |    47 ||   197
       Punch             |       |     7 |     3 |    11 |       ||    21
Throw: Stone             |     5 |     9 |     6 |    42 |    28 ||    90
 Cast: Beastly Appendage |    20 |    39 |    42 |    65 |    38 ||   204
       Wereblood         |       |     7 |     9 |    25 |     7 ||    48
       Spider Form       |       |       |     1 |       |       ||     1
       Blade Hands       |       |       |       |    37 |     5 ||    42
       Summon Lightning  |       |       |       |       |    25 ||    25
Invok: Bend Time         |       |       |     3 |    13 |     1 ||    17
       Slouch            |       |       |       |     4 |       ||     4
       Temporal Distorti |       |       |       |     1 |       ||     1
 Abil: Breathe Lightning |       |       |     8 |    10 |     1 ||    19
       End Transformatio |       |       |       |     1 |       ||     1
       Fly               |       |       |       |       |     1 ||     1
Evoke: Wand              |       |       |       |     5 |       ||     5
  Use: Potion            |       |     3 |       |       |       ||     3
       Scroll            |       |     2 |     2 |    14 |     2 ||    20
 Stab: Sleeping          |       |       |     2 |     4 |     2 ||     8
       Distracted        |       |       |     1 |       |     2 ||     3
       Paralysed         |       |       |       |     1 |       ||     1
Armor: Skin              |    13 |    70 |    46 |    67 |    51 ||   247
Dodge: Dodged            |    37 |   215 |   202 |   472 |   245 ||  1171
Block: Buckler           |       |       |    15 |   147 |    94 ||   256

Table legend: (Time is in decaauts)
 A = Elapsed time spent in this place.
 B = Non-inter-level travel time spent in this place.
 C = Inter-level travel time spent in this place.
 D = Time resting spent in this place.
 E = Time spent auto-exploring this place.
 F = Levels seen in this place.
 G = Mean time per level.
                   A        B        C        D        E       F      G
               +--------+--------+--------+--------+--------+-----+--------+
         Total |  34189 |  31421 |   2768 |   5381 |  10154 |  19 | 1799.4 |
       Dungeon |  18871 |  17139 |   1732 |   3121 |   4730 |  12 | 1572.6 |
          Lair |  13700 |  12664 |   1036 |   1381 |   5424 |   6 | 2283.3 |
      Ice Cave |   1618 |   1618 |      0 |    879 |      0 |   1 | 1618.0 |
               +--------+--------+--------+--------+--------+-----+--------+

Top non-repeatable levels by time:
  Lair:2: 2776 daAuts
  Lair:6: 2526 daAuts
  Lair:1: 2476 daAuts
    D:11: 2362 daAuts
  Lair:3: 2213 daAuts
     D:4: 2151 daAuts
     D:5: 2105 daAuts
     D:8: 2070 daAuts
  Lair:5: 1949 daAuts
     D:2: 1876 daAuts
     D:9: 1790 daAuts
  Lair:4: 1756 daAuts
     D:7: 1682 daAuts
   IceCv: 1618 daAuts
     D:6: 1409 daAuts
